 Dungeon Crawl Stone Soup version 0.26-a0-52-gd53d4cd058 (webtiles) character file.

Game seed: 577459072674125067

907 Gargoyl the Chopper (level 7, -5/59 HPs)
             Began as a Centaur Abyssal Knight on June 5, 2020.
             Was a Priest of Lugonu.
             Slain by an ice beast (14 damage)
             ... on level 5 of the Dungeon.
             The game lasted 00:08:07 (6823 turns).

Gargoyl the Chopper (Centaur Abyssal Knight)        Turns: 6823, Time: 00:08:09

Health: -5/59      AC:  8    Str: 15    XL:     7   Next: 81%
Magic:  10/10      EV: 11    Int: 11    God:    Lugonu [***...]
Gold:   149        SH:  0    Dex: 10    Spells: 6/6 levels left

rFire    . . .     SeeInvis .   a - +1 hand axe
rCold    . . .     Gourm    .   (no shield)
rNeg     + . .     Faith    .   o - +0 ring mail
rPois    .         Spirit   .   e - +0 helmet
rElec    .         Reflect  .   t - +0 cloak
rCorr    .         Harm     .   (no gloves)
MR       .....                  (no barding)
Stlth    ..........             (no amulet)
HPRegen  0.19/turn              q - ring of positive energy
MPRegen  0.12/turn              (no ring)

@: very quick
A: large, hooves 3, repulsion field 1, deformed body, speed 2, tough skin 3,
evolution 1
a: Depart the Abyss, Bend Space, Banish, Renounce Religion


You were on level 5 of the Dungeon.
You worshipped Lugonu.
Lugonu was most pleased with you.
You were not hungry.

You visited 1 branch of the dungeon, and saw 5 of its levels.
You visited the Abyss 1 time.

You collected 149 gold pieces.

Inventory:

Hand Weapons
 a - a +1 hand axe (weapon)
Missiles
 d - 4 boomerangs (quivered)
Armour
 e - a +0 helmet (worn)
 h - a scarf of repulsion
 o - a +0 ring mail (worn)
 t - a +0 cloak (worn)
Jewellery
 q - a ring of positive energy (left hand)
Wands
 b - a wand of iceblast (6)
 i - a wand of clouds (4)
Scrolls
 f - 3 scrolls of identify {unknown}
 k - a scroll of magic mapping {unknown}
 l - a scroll of enchant armour {unknown}
 m - 2 scrolls of amnesia {unknown}
 n - 2 scrolls of immolation {unknown}
 p - 2 scrolls of teleportation
 w - 2 scrolls of remove curse
Potions
 g - a potion of lignification {unknown}
 j - 2 potions of heal wounds {unknown}
 r - a potion of degeneration {unknown}
 s - a potion of brilliance {unknown}
 u - a potion of haste {unknown}
Comestibles
 c - 5 rations
 v - 2 chunks of flesh


   Skills:
 + Level 4.2 Fighting
 + Level 4.4 Axes
 * Level 4.0 Armour
 * Level 2.5 Dodging
 * Level 4.2 Invocations
 + Level 0.1 Evocations


You had 6 spell levels left.
You didn't know any spells.
Your spell library was empty.

Dungeon Overview and Level Annotations

Branches:
Dungeon (5/15)
 Temple: D:4-7

Altars:
Ashenzari
Ru
Wu Jian


Innate Abilities, Weirdness & Mutations

You have hooves in place of feet.
Armour fits poorly on your strangely shaped body.
You cover ground very quickly.
You have extremely tough skin. (AC +3)
You are surrounded by a mild repulsion field. (EV +2)
You evolve.


Message History

* * * LOW HITPOINT WARNING * * *
You hit the ice beast but do no damage.
The ice beast is severely wounded.
The ice beast closely misses you.
You hit the ice beast. Your kick misses the ice beast.
The ice beast is severely wounded.
The ice beast completely misses you. The ice beast barely misses you.
You barely miss the ice beast.
The ice beast is severely wounded.
The ice beast barely misses you.
You hit the ice beast. Your kick misses the ice beast.
The ice beast is almost dead.
The ice beast closely misses you.
You hit the ice beast but do no damage.
You kick the ice beast, but do no damage.
The ice beast is almost dead.
The ice beast hits you.
* * * LOW HITPOINT WARNING * * *
The ice beast freezes you!
You die...

#.######
#......#
#.####.# #.#
##'##
#.###...##
#.##.....##
###.#...#.##
##(8.8.8.8.##
#.....@.....#
+.....Y.....+
#...........#
##.8.8.8.8.##
##.#...#.##
##.$...##
#...# ##+##


You could see an ice beast.

Vanquished Creatures
  A hungry ghost (D:4)
  2 ogres (D:4)
  A howler monkey (D:4)
  A hound (D:3)
  A jelly (D:4)
  3 orc priests
  2 bullfrog skeletons (D:4)
  3 orc wizards
  2 worker ants
  A hound skeleton (D:5)
  7 adders
  4 oozes
  An adder skeleton (D:4)
  A worm (D:2)
  3 dart slugs (D:1)
  4 leopard geckos
  11 orcs
  8 giant cockroaches
  11 goblins
  11 hobgoblins
  2 jackals (D:1)
  A quokka (D:4)
  11 bats
  4 frilled lizards
  16 kobolds
  8 rats
120 creatures vanquished.

Notes
Turn   | Place    | Note
-------+----------+-------------------------------------------
     0 | Abyss:1  | Gargoyl the Centaur Abyssal Knight began the quest for the
                  | Orb.
     0 | Abyss:1  | Reached XP level 1. HP: 19/19 MP: 2/2
    42 | Abyss:1  | Noticed a starcursed mass
   227 | Abyss:1  | Noticed a bone dragon
   239 | Abyss:1  | Gained mutation: Your body sometimes deteriorates upon
                  | taking damage. [potion of mutation]
   239 | Abyss:1  | Gained mutation: You are surrounded by a mild repulsion
                  | field. (EV +2) [potion of mutation]
   239 | Abyss:1  | Gained mutation: You evolve. [potion of mutation]
   250 | Abyss:1  | Noticed an orange demon
   260 | Abyss:1  | Noticed a small abomination
   269 | Abyss:1  | Noticed a hellion
   269 | Abyss:1  | Noticed a tentacled starspawn
   270 | D:1      | Escaped the Abyss
   528 | D:1      | Reached * piety under Lugonu
   534 | D:1      | Reached XP level 2. HP: 20/26 MP: 3/3
   789 | D:1      | Reached skill level 1 in Dodging
  1008 | D:1      | Reached XP level 3. HP: 29/31 MP: 4/4
  1436 | D:2      | Reached ** piety under Lugonu
  1745 | D:2      | Reached XP level 4. HP: 31/38 MP: 4/6
  2369 | D:2      | Found a shattered altar of Ashenzari.
  2998 | D:3      | Reached XP level 5. HP: 39/45 MP: 7/7
  3200 | D:3      | Lost mutation: Your body sometimes deteriorates upon taking
                  | damage. [evolution]
  3332 | D:3      | Reached *** piety under Lugonu
  3906 | D:4      | Noticed an ogre
  3907 | D:4      | Found a sacrificial altar of Ru.
  3913 | D:4      | Killed an ogre
  3913 | D:4      | Reached XP level 6. HP: 35/52 MP: 8/8
  4799 | D:4      | Found an ornate altar of the Wu Jian Council.
  5198 | D:4      | Reached XP level 7. HP: 59/59 MP: 9/9
  5458 | D:5      | Entered Level 5 of the Dungeon
  5765 | D:5      | Noticed a hungry ghost
  6171 | D:4      | Killed a hungry ghost
  6823 | D:5      | Slain by an ice beast

Illustrated notes

Levels and vault maps discovered:
D:1:      mrwooster_arrival_arrow, layout_loops_cross
D:2:      layout_loops_ring, nicolae_ashenzari_panopticon
D:3:      corexii_shack_village, layout_loops_ring
D:4:      layout_loops_ring, nicolae_overflow_crystal_walls,
          nicolae_ossuary_entry_monument, nicolae_ru_sacrificial_ziggurat
D:5:      layout_basic, first_ration, grunt_ministairs_15, dk_noncrumbling_3,
          uniq_pikel

Skill      XL: |  1  2  3  4  5  6  7 |
---------------+----------------------+-----
Dodging        | 1 2 |  2.5
Axes           | 2 3 4 |  4.4
Armour         | 2 3 4 |  4.0
Invocations    | 3 4 |  4.2
Fighting       | 4 |  4.2
Evocations     | |  0.1

Action                   |  1- 3 |  4- 6 |  7- 9 || total
-------------------------+-------+-------+-------++-------
Melee: Hand axe          |   108 |   194 |   144 ||   446
       Kick              |    20 |    40 |    21 ||    81
Invok: Depart the Abyss  |     1 |       |       ||     1
Evoke: Wand              |       |     2 |     1 ||     3
  Use: Scroll            |     3 |       |       ||     3
       Potion            |     1 |       |       ||     1
 Stab: Distracted        |       |       |     1 ||     1
  Eat: Chunk             |     2 |     9 |     3 ||    14
       Ration            |       |       |     4 ||     4
Armor: Leather armour    |    52 |     5 |       ||    57
       Ring mail         |       |    63 |    62 ||   125
Dodge: Dodged            |    69 |   106 |    91 ||   266
       Repelled          |       |     4 |       ||     4

Table legend:
 A = Non-vault XP
 B = Vault XP
 C = Vault XP percentage of total XP
 D = Non-vault monster count
 E = Vault monster count
 F = Vault count percentage of total count
                 A         B        C        D         E       F
            +---------+---------+-------+---------+---------+-------
      Total |    1089 |     208 |  16.0 |     110 |      10 |   8.3
            +---------+---------+-------+---------+---------+-------
        D:1 |      58 |       0 |   0.0 |      29 |       0 |   0.0
        D:2 |      85 |       0 |   0.0 |      27 |       0 |   0.0
        D:3 |      98 |      19 |  16.2 |      17 |       9 |  34.6
        D:4 |     655 |     189 |  22.4 |      26 |       1 |   3.7
        D:5 |     193 |       0 |   0.0 |      11 |       0 |   0.0
            +---------+---------+-------+---------+---------+-------
